 Dungeon Crawl Stone Soup version 0.28-a0-1624-g820543e53a (webtiles) character file.

Game seed: 5501138241048004946

1449 gimp the Basher (level 8, -8/49 HPs)
             Began as a Tengu Wanderer on Jan 23, 2022.
             Mangled by an ogre (19 damage)
             ... on level 5 of the Dungeon.
             The game lasted 00:09:18 (6889 turns).

gimp the Basher (Tengu Wanderer)                    Turns: 6889, Time: 00:09:19

Health: -8/49      AC: 12    Str: 12 (15) XL:     8   Next: 75%
Magic:  9/9        EV:  4    Int:  9      God:
Gold:   257        SH:  0    Dex: 16 (17) Spells: 7/7 levels left

rFire   . . .      SeeInvis .   c - +2 dagger (venom)
rCold   + . .      Faith    .   (no shield)
rNeg    . . .      Spirit   .   o - +0 plate armour
rPois   .          Reflect  .   (helmet restricted)
rElec   .          Harm     .   (no cloak)
rCorr   .          Rampage  .   (no gloves)
Will    .....                   (boots unavailable)
Stlth   ..........              (no amulet)
HPRegen 0.16/turn               (no ring)
MPRegen 0.11/turn               (no ring)

@: flying quickly and evasively, quick
A: beak, talons 3, nimble flight, cold resistance 1
a: no special abilities


You were on level 5 of the Dungeon.
You visited 1 branch of the dungeon, and saw 6 of its levels.

You collected 257 gold pieces.

Inventory:

Hand Weapons
 a - a +0 hand axe
 b - a +2 hunting sling
 c - a +2 dagger of venom (weapon)
 h - a +2 short sword of electrocution
 u - the +9 spear of Ambiguity {flame, rPois MP+9 Int+4}
   (You found it on level 5 of the Dungeon)

   It burns those it strikes, dealing additional fire damage.
   Int:       It affects your intelligence (+4).
   rPois:     It protects you from poison.
   MP:        It affects your magic capacity (+9).
Missiles
 f - 116 stones (quivered)
 g - 7 sling bullets
Armour
 o - a +0 plate armour (worn)
Wands
 r - a wand of iceblast (15)
Scrolls
 d - 4 scrolls of identify {unknown}
 e - a scroll of teleportation {unknown}
 j - a scroll of vulnerability
 k - a scroll of magic mapping {unknown}
 l - 4 scrolls of enchant weapon {unknown}
 m - 3 scrolls of immolation {unknown}
 p - a scroll of fog {unknown}
 t - a scroll of acquirement {unknown}
Potions
 i - a potion of might


   Skills:
 - Level 5.0 Fighting
 * Level 9.0 Maces & Flails
 - Level 3.0 Slings
 - Level 6.0 Armour
 - Level 1.1 Dodging
 - Level 1.0 Invocations


You had 7 spell levels left.
You didn't know any spells.
Your spell library contained the following spells:

 Spells                   Type           Power      Damage    Failure   Level
 Frozen Ramparts          Ice            0%         1d2       100%        3
 Airstrike                Air            0%         N/A       100%        4
 Ice Form                 Ice/Tmut       0%         N/A       100%        4
 Summon Ice Beast         Ice/Summ       0%         N/A       100%        4
 Summon Lightning Spire   Summ/Air       0%         N/A       100%        4
 Lightning Bolt           Conj/Air       0%         1d11      100%        5


Dungeon Overview and Level Annotations

Branches:
Dungeon (6/15)
 Temple: D:4-7

Altars:
Ashenzari
Fedhas
Ru
Xom
Yredelemnul


Innate Abilities, Weirdness & Mutations

You have a beak for a mouth.
You have claws for feet.
Your magical nature lets you fly swiftly and evasively.
Your flesh is cold resistant. (rC+)


Message History

You feel more buoyant. Maggie barely misses you.
It was a potion of mutation.
You feel extremely strange.
You feel a hidden potential growing inside you.
You no longer feel a hidden potential within.
You feel resistant to cold.
Maggie casts a spell.
Maggie draws you further into her thrall.
Unknown command.
You barely miss Maggie.
Maggie is heavily wounded.
Maggie hits you with a +0 scimitar!
* * * LOW HITPOINT WARNING * * *
You take 7 damage, and have 6/49 hp.
You hit Maggie.
Maggie is poisoned.
You claw Maggie.
Maggie is severely wounded.
Maggie hits you with a +0 scimitar.
* * * LOW HITPOINT WARNING * * *
You take 3 damage, and have 3/49 hp.
Aiming: Iceblast
Press: ? - help, Shift-Dir - straight line, p - Maggie The mass of ice explodes!
The iceblast engulfs Maggie!!
You are no longer entranced.
You kill Maggie!
You feel your intelligence returning.
Training target 6.0 for Armour reached!
Your Maces & Flails skill increases to level 9!
Your Armour skill increases to level 6!
r - a wand of iceblast (15) (gained 9 charges)
Things that are here:
a +0 scimitar; +0 steam dragon scales
Okay, then.
You start resting.
An ice beast comes into view.
You regained 3 hp, and now have 6/49 hp.
An ice beast is nearby!
There is a stone staircase leading up here.
You fly upwards.
The ogre hits you with a +0 giant club!!
You die...

##......## ##### ##........##
#...##### #..........#
#.#.....### #..........#
#.#####.... #..........# #.###
##### #..........# #...#
#..........# ###.# ##
##>.......#########.######.
##........@O...............
#..........########.####..(
#..........########.#.....#
#..........##...##.........
#####..........##...#..........
##..............##.....#........
##..............###...###........
#..............## #...# #........
#..........##### #...# #.......รท


You could see an ogre.

Vanquished Creatures
  Maggie (D:6)
  Grinder (D:5)
  A steam dragon (D:5)
  A black bear (D:5)
  An ogre (D:4)
  A phantom (D:5)
  A kobold brigand (D:4)
  A scorpion (D:5)
  An electric eel (D:6)
  A bullfrog zombie (D:5)
  A jelly (D:5)
  A bullfrog skeleton (D:6)
  3 iguanas
  2 scorpion zombies (D:5)
  3 orc wizards
  A hound zombie (D:5)
  8 adders
  An ufetubus (D:4)
  A worm (D:4)
  7 dart slugs
  13 orcs
  8 ball pythons
  5 bats
  6 endoplasms
  5 goblins
  5 hobgoblins
  3 quokkas
  5 frilled lizards
  11 kobolds
  7 rats
106 creatures vanquished.

Vanquished Creatures (others)
  An orc (D:6)
1 creature vanquished.

Grand Total: 107 creatures vanquished

Notes
Turn   | Place    | Note
-------+----------+-------------------------------------------
     0 | D:1      | gimp the Tengu Wanderer began the quest for the Orb.
     0 | D:1      | gimp set off with the following items: a +2 hunting sling,
                  | 18 sling bullets, a scroll of vulnerability, a +0 scale
                  | mail
     0 | D:1      | Reached XP level 1. HP: 12/12 MP: 2/2
   270 | D:1      | Reached XP level 2. HP: 18/18 MP: 3/3
   925 | D:2      | Reached skill level 1 in Maces & Flails
   925 | D:2      | Reached XP level 3. HP: 23/23 MP: 4/4
  1022 | D:2      | Found a faded altar of an unknown god.
  1383 | D:2      | Reached skill level 2 in Maces & Flails
  1621 | D:2      | Reached XP level 4. HP: 28/28 MP: 5/5
  3253 | D:4      | Reached skill level 3 in Maces & Flails
  3253 | D:4      | Gained mutation: Your magical nature lets you fly swiftly
                  | and evasively. [Tengu growth]
  3253 | D:4      | Reached XP level 5. HP: 33/33 MP: 6/6
  3767 | D:4      | Found a blossoming altar of Fedhas.
  3771 | D:4      | Found a broken altar of Ashenzari.
  3771 | D:4      | Found a sacrificial altar of Ru.
  3771 | D:4      | Found a basalt altar of Yredelemnul.
  3854 | D:4      | Noticed an ogre
  3862 | D:4      | Killed an ogre
  3863 | D:4      | Reached skill level 4 in Maces & Flails
  3863 | D:4      | Reached XP level 6. HP: 35/40 MP: 7/7
  4275 | D:4      | Reached skill level 5 in Fighting
  4414 | D:5      | Entered Level 5 of the Dungeon
  4439 | D:5      | Reached skill level 5 in Maces & Flails
  4477 | D:5      | Found a shimmering altar of Xom.
  4541 | D:5      | Reached XP level 7. HP: 28/44 MP: 8/8
  4682 | D:5      | Noticed Grinder
  4689 | D:5      | Noticed a steam dragon
  4705 | D:5      | Killed a steam dragon
  4706 | D:5      | Reached skill level 6 in Maces & Flails
  4731 | D:5      | Killed Grinder
  4967 | D:5      | Reached skill level 7 in Maces & Flails
  4981 | D:5      | Reached XP level 8. HP: 30/49 MP: 9/9
  5268 | D:5      | Reached skill level 5 in Armour
  5632 | D:5      | Identified the +9 spear of Ambiguity {flame, rPois MP+9
                  | Int+4}
  5687 | D:5      | Reached skill level 8 in Maces & Flails
  6808 | D:6      | Noticed Maggie
  6835 | D:6      | Gained mutation: You have hidden genetic potential. [potion
                  | of mutation]
  6835 | D:6      | Lost mutation: You have hidden genetic potential. [potion
                  | of mutation]
  6835 | D:6      | Gained mutation: Your flesh is cold resistant. (rC+)
                  | [potion of mutation]
  6838 | D:6      | Killed Maggie
  6839 | D:6      | Reached skill level 9 in Maces & Flails
  6889 | D:5      | Mangled by an ogre

Illustrated notes

Levels and vault maps discovered:
D:1:      wander_arrival_abandoned_jail, layout_basic
D:2:      layout_loops_ring, basic_ecumenical_altar, minmay_curled_crystal
D:3:      layout_loops_corners, minmay_strange_pillars, minmay_tree_intersection
D:4:      layout_loops_ring, grunt_temple_overflow_open
D:5:      layout_rooms, mainiacjoe_overflow_chevrons, uniq_grinder
D:6:      layout_loops_ring, minmay_temple_entry_stoned_glass, kennysheep_boxes,
          uniq_blork_the_orc, uniq_maggie, uniq_pikel

Skill      XL: |  1  2  3  4  5  6  7  8 |
---------------+-------------------------+-----
Fighting       | 3 4 5 |  5.0
Maces & Flails | 1 2 3 4 5 7 9 |  9.0
Armour         | 4 6 |  6.0
Slings         | |  3.0
Dodging        | |  1.1
Invocations    | |  1.0

Action                   |  1- 3 |  4- 6 |  7- 9 || total
-------------------------+-------+-------+-------++-------
Melee: Mace              |     4 |       |       ||     4
       Kick              |     3 |    31 |    29 ||    63
       Dagger            |     4 |    80 |    31 ||   115
       Punch             |     1 |     3 |     1 ||     5
       Peck              |       |    20 |    21 ||    41
       Hand axe          |       |    16 |    47 ||    63
 Fire: Hunting sling     |    78 |    84 |    40 ||   202
Evoke: Wand              |       |       |     8 ||     8
  Use: Potion            |       |       |     4 ||     4
Armor: Scale mail        |    16 |    12 |       ||    28
       Plate armour      |       |    47 |    41 ||    88
Dodge: Dodged            |    14 |    24 |    31 ||    69

Table legend: (Time is in decaauts)
 A = Elapsed time spent in this place.
 B = Non-inter-level travel time spent in this place.
 C = Inter-level travel time spent in this place.
 D = Time resting spent in this place.
 E = Time spent auto-exploring this place.
 F = Levels seen in this place.
 G = Mean time per level.
                   A        B        C        D        E       F      G
               +--------+--------+--------+--------+--------+-----+--------+
         Total |   6770 |   6473 |    297 |    520 |   4999 |   6 | 1128.3 |
       Dungeon |   6770 |   6473 |    297 |    520 |   4999 |   6 | 1128.3 |
               +--------+--------+--------+--------+--------+-----+--------+

Top non-repeatable levels by time:
     D:5: 1324 daAuts
     D:3: 1267 daAuts
     D:4: 1237 daAuts
     D:6: 1071 daAuts
     D:2: 983 daAuts
     D:1: 885 daAuts
